 Dungeon Crawl Stone Soup version 0.26.0-45-g9c1d065592 (webtiles) character file.

Game seed: 12165609852009324496

322 kaeus the Sneak (level 6, -14/36 HPs)
             Began as an Octopode Enchanter on Jan 28, 2021.
             Was a Follower of Dithmenos.
             Demolished by an ogre
             ... wielding a +0 giant club
              (27 damage)
             ... on level 4 of the Dungeon.
             The game lasted 00:04:26 (4320 turns).

kaeus the Sneak (Octopode Enchanter)                Turns: 4320, Time: 00:04:27

Health: -14/36     AC:  1    Str:  7      XL:     6   Next: 47%
Magic:  3/10       EV: 14    Int: 16 (18) God:    Dithmenos [*.....]
Gold:   189        SH:  0    Dex: 13 (14) Spells: 5/11 levels left

rFire    . . .     SeeInvis .   a - +1 dagger
rCold    . . .     Faith    .   (no shield)
rNeg     . . .     Spirit   .   (helmet restricted)
rPois    .         Reflect  .   (no amulet)
rElec    .         Harm     .   (no ring)
rCorr    .         Rampage  .   (no ring)
Will     .....                  (no ring)
Stlth    +++++.....             (no ring)
HPRegen  0.12/turn              (no ring)
MPRegen  0.12/turn              (no ring)
                                (no ring)
                                (no ring)

@: wreathed by umbra
A: almost no armour, stealthy swim, amphibious, 8 rings, constrict 8, camouflage
1, gelatinous body 1
a: Renounce Religion


You were on level 4 of the Dungeon.
You worshipped Dithmenos.
Dithmenos was aware of your devotion.
You visited 1 branch of the dungeon, and saw 4 of its levels.

You collected 189 gold pieces.

Inventory:

Hand Weapons
 a - a +1 dagger (weapon)
Jewellery
 i - an uncursed ring of poison resistance
Wands
 h - a wand of flame (25)
Scrolls
 c - a scroll of fog
 e - 2 scrolls of enchant weapon
 g - 3 scrolls of identify
 j - a scroll of magic mapping {unknown}
Potions
 b - a potion of resistance {unknown}
 d - 3 potions of curing
 f - a potion of haste {unknown}


   Skills:
 + Level 2.3 Short Blades
 + Level 3.0 Dodging
 * Level 6.2 Stealth
 + Level 3.0 Spellcasting
 * Level 4.5 Hexes


You had 5 spell levels left.
You knew the following spells:

 Your Spells              Type           Power        Failure   Level
a - Corona                Hex            17%          3%          1
b - Ensorcelled Hibernat  Hex/Ice        18%          11%         2
c - Dazzling Flash        Conj/Hex       18%          22%         3

Your spell library contained the following spells:

 Spells                   Type           Power        Failure   Level
 Confusing Touch          Hex            16%          9%          3
 Tukima's Dance           Hex            16%          9%          3


Dungeon Overview and Level Annotations

Branches:
Dungeon (4/15)
 Temple: D:4-7

Altars:
Dithmenos
Elyvilon
Kikubaaqudgha
Makhleb
Yredelemnul

Annotations:
D:2 1 runed translucent door, Crazy Yiuf


Innate Abilities, Weirdness & Mutations

You cannot wear most types of armour.
You are very stealthy in the water. (Stealth+)
You are amphibious.
You can wear up to eight rings at the same time.
You can use your tentacles to constrict eight enemies at once.
Your skin changes colour to match your surroundings (Stealth+).
Your rubbery body absorbs attacks. (AC +1, EV +1)


Message History

Aim: an ogre, wielding a +0 giant club (softly glowing, umbra, chance to affect: 40%)
The ogre resists with some effort.
The ogre completely misses you.
You now have 7/10 mp.
Unknown command.
Casting: Ensorcelled Hibernation (safe; 11% risk of failure)
Confirm with . or Enter, or press ? or * to list all spells.
Aiming: Ensorcelled Hibernation (safe; 11% risk of failure)
Press: ? - help, Shift-Dir - straight line, f/p - ogre
Aim: an ogre, wielding a +0 giant club (softly glowing, umbra, chance to affect: 40%)
The ogre resists with some effort.
You now have 5/10 mp.
Casting: Ensorcelled Hibernation (safe; 11% risk of failure)
Confirm with . or Enter, or press ? or * to list all spells.
Aiming: Ensorcelled Hibernation (safe; 11% risk of failure)
Press: ? - help, Shift-Dir - straight line, f/p - ogre
Aim: an ogre, wielding a +0 giant club (softly glowing, umbra, chance to affect: 40%)
The ogre resists with some effort.
The ogre hits you with a +0 giant club!!
Ouch! That really hurt!
You die...

#.........##.#.#.#.##.##.#
#....#.#.##.⌠.###.⌠.##.#.#
##.###..####.#.#[#.####..#
#........#.#.#O#.###.#.#..#
#.#.##..#.♣.###.⌠.###.8.#.#
# #...#O#.#.#.#.###.#..#
#...####.###.#.####.##
####O##.8.###.♣.##..#
##@##.#.###.##...#
##.[#.....#..#.##
##...##....##.# #.#.
######..###..# #...
#..(....# #..# #######.#
#..# #.# #..# #[# #..####
#.#


You could see an ogre (corona).

Vanquished Creatures
  An ogre (D:4)
  A centaur skeleton (D:4)
  An iguana (D:4)
  6 adders
  3 gnolls (D:2)
  An adder skeleton (D:4)
  2 worms
  3 dart slugs
  3 leopard geckos
  2 orcs
  10 bats
  3 giant cockroaches
  12 goblins
  8 hobgoblins
  4 jackals (D:3)
  8 kobolds
  3 quokkas (D:3)
  3 frilled lizards
  8 rats
  3 rat zombies (D:3)
85 creatures vanquished.

Notes
Turn   | Place    | Note
-------+----------+-------------------------------------------
     0 | D:1      | kaeus the Octopode Enchanter began the quest for the Orb.
     0 | D:1      | Reached XP level 1. HP: 11/11 MP: 3/3
    63 | D:1      | Reached XP level 2. HP: 16/17 MP: 5/5
   937 | D:2      | Reached XP level 3. HP: 21/21 MP: 6/6
  1127 | D:2      | Reached XP level 4. HP: 18/27 MP: 7/7
  1294 | D:2      | Reached skill level 5 in Stealth
  1467 | D:2      | Found a burning altar of Makhleb.
  1469 | D:2      | Noticed a cacodemon
  1571 | D:2      | Found a white marble altar of Elyvilon.
  1737 | D:2      | Found a basalt altar of Yredelemnul.
  2073 | D:2      | Learned a level 2 spell: Ensorcelled Hibernation
  2077 | D:2      | Learned a level 3 spell: Dazzling Flash
  2147 | D:2      | Found a runed translucent door.
  2148 | D:2      | Noticed Crazy Yiuf
  2484 | D:3      | Found a shadowy altar of Dithmenos.
  2500 | D:3      | Became a worshipper of Dithmenos the Shadowed
  2672 | D:3      | Reached XP level 5. HP: 29/31 MP: 8/8
  2741 | D:3      | Found an ancient bone altar of Kikubaaqudgha.
  3715 | D:4      | Noticed an ogre
  3718 | D:4      | Killed an ogre
  3719 | D:4      | Reached XP level 6. HP: 36/36 MP: 8/10
  3767 | D:4      | Reached * piety under Dithmenos
  3768 | D:4      | Reached skill level 6 in Stealth
  4320 | D:4      | Demolished by an ogre

Illustrated notes

Levels and vault maps discovered:
D:1:      psy_arrival_conway, layout_loops_ring
D:2:      layout_loops_cross, lemuel_crystal_altar,
          lemuel_coloured_pillars_altar, makhleb_altar_promises_db,
          uniq_crazy_yiuf_cottage
D:3:      layout_basic, lemuel_zombie_altar_kikubaaqudgha, grunt_dithmenos_smoke
D:4:      lemuel_upstairs_altar, layout_loops_ring, grunt_decor_mini_mirrors

Skill      XL: |  1  2  3  4  5  6 |
---------------+-------------------+-----
Stealth        | 5 6 |  6.2
Hexes          | 4 |  4.5
Short Blades   | 2 |  2.3
Dodging        | 3 |  3.0
Spellcasting   | 3 |  3.0

Action                   |  1- 3 |  4- 6 || total
-------------------------+-------+-------++-------
Melee: Dagger            |    58 |   167 ||   225
       Constrict         |    14 |    27 ||    41
       Tentacles         |     9 |    16 ||    25
 Cast: Ensorcelled Hiber |       |     7 ||     7
       Dazzling Flash    |       |     1 ||     1
       Corona            |       |     1 ||     1
  Use: Scroll            |       |     4 ||     4
       Potion            |       |     4 ||     4
 Stab: Sleeping          |    10 |    26 ||    36
Armor: Skin              |     1 |     9 ||    10
Dodge: Dodged            |    28 |   108 ||   136
